 Dungeon Crawl Stone Soup version 0.30.1-3-gfc49f6343a (webtiles) character file.

Game seed: 12826959094233982103

2583 cheesebisquit the Nimble (level 9, -8/42 HPs)
             Began as a Felid Summoner on July 18, 2023.
             Hit by a javelin thrown by a centaur (16 damage)
             ... in a bailey.
             The game lasted 00:49:57 (11746 turns).

cheesebisquit the Nimble (Felid Summoner)          Turns: 11746, Time: 00:49:57

Health: -8/42      AC:  2    Str:  4    XL:     9   Next: 32%
Magic:  9/20       EV: 28    Int: 22    God:
Gold:   238        SH:  0    Dex: 16    Spells: 10/22 levels left
                                        Lives:  0   Deaths: 3

rFire   . . .        (weapon unavailable)
rCold   . . .        (shield unavailable)
rNeg    . . .        (body armour unavailable)
rPois   .            (helmet unavailable)
rElec   .            (cloak unavailable)
rCorr   .            (gloves unavailable)
SInv    +            (boots unavailable)
Will    +....        (no amulet)
Stlth   ++           b - +5 ring of evasion
HPRegen 0.27/turn    (no ring)
MPRegen 0.17/turn

%: no passive effects
@: quick
A: very small, claws 1, fangs 3, see invisible, speed 1, shaggy fur 2, stealthy
paws, no weapons or thrown items, no armour, multi-lived
a: no special abilities


You were in a bailey.
You visited 2 branches of the dungeon, and saw 10 of its levels.
You also visited: Bailey.

You collected 675 gold pieces.
You spent 437 gold pieces at shops.

Inventory:

Jewellery
 a - an amulet of regeneration
 b - a +5 ring of evasion (left paw)
 o - a ring of willpower
 q - a ring of willpower
Wands
 t - a wand of paralysis (5)
 u - a wand of roots (5)
Scrolls
 d - 5 scrolls of vulnerability
 e - 3 scrolls of amnesia
 g - 6 scrolls of teleportation
 h - 2 scrolls of fog
 i - 3 scrolls of blinking
 k - 3 scrolls of fear
 l - 2 scrolls of magic mapping
 s - a scroll of immolation {unknown}
Potions
 c - a potion of heal wounds
 f - 2 potions of brilliance
 j - 7 potions of curing
 m - 2 potions of attraction
 n - 3 potions of lignification
 p - a potion of ambrosia
 r - 2 potions of might
 v - a potion of flight
 w - 2 potions of cancellation {unknown}


   Skills:
 + Level 6.9 Fighting
 + Level 9.5 Dodging
 - Level 2.6 Stealth
 + Level 7.2 Spellcasting
 - Level 5.0 Hexes
 + Level 8.7 Summonings
 + Level 5.8 Air Magic


You had 10 spell levels left.
You knew the following spells:

 Your Spells              Type           Power      Damage    Failure   Level
b - Call Imp              Summ           92%        N/A       1%          2
c - Call Canine Familiar  Summ           46%        N/A       1%          3
d - Summon Guardian Gole  Hex/Summ       38%        N/A       1%          3
e - Summon Lightning Spi  Summ/Air       39%        N/A       4%          4

Your spell library contained the following spells:

 Spells                   Type           Power      Damage    Failure   Level
 Summon Small Mammal      Summ           100%       N/A       1%          1
 Static Discharge         Conj/Air       40%        2-4/arc   3%          2
 Cigotuvi's Dreadful Rot  Necr/Pois/Air  32%        N/A       5%          2
 Airstrike                Air            16%        2d(3-19)  8%          4
 Sandblast                Erth           14%        2d6       9%          1
 Iskenderun's Battlesphe  Conj           7%         2d6       92%         5
 Plasma Beam              Fire/Air       10%        2x1d23    98%         6
 Iron Shot                Conj/Erth      3%         9d2       100%        6
 Spellforged Servitor     Conj/Summ      13%        N/A       100%        7


Dungeon Overview and Level Annotations

Branches:
Dungeon (9/15)             Temple (1/1) D:5          Bailey (1/1)
   Lair: D:8-11         Orc: D:9-12

Altars:
Ashenzari
Cheibriados
Elyvilon
Fedhas
Kikubaaqudgha
Makhleb
Okawaru
Qazlal
Ru
Sif Muna
Trog
Uskayaw
Vehumet
Xom
Yredelemnul
Zin
The Shining One

Shops:
D:1 :   D:3 ??!   D:7 [

Annotations:
D:8 2 runed translucent doors


Innate Abilities, Weirdness & Mutations

You have sharp claws.
You have razor-sharp teeth.
You have supernaturally acute eyesight. (SInv)
You cover ground quickly. (Speed+)
You are covered in thick fur. (AC +2)
Your paws help you pounce on unaware monsters.
You are incapable of wielding weapons or throwing items.
You cannot wear armour.
You gain extra lives every three experience levels.


Message History

The javelin pierces through your lightning spire.
The javelin pierces through you!
Casting: Call Canine Familiar (safe; 1% risk of failure)
Confirm with . or Enter, or press ? or * to list all spells.
A tiny devil pulls itself out of the air.
The centaur completely misses you.
The orc warrior hits your lightning spire but does no damage.
The centaur hits you from afar with a +0 trident.
You swap places.
Your wolf barely misses the centaur.
Something hits your lightning spire!
The centaur throws a javelin.
The javelin pierces through your lightning spire!
The javelin pierces through your guardian golem!
The javelin misses you.
Your wolf bites the centaur.
The centaur throws a javelin.
The javelin pierces through your lightning spire.
The javelin pierces through your guardian golem!
The javelin completely misses you.
Something hits your lightning spire but does no damage.
The centaur throws a javelin.
The javelin barely misses your lightning spire.
The javelin misses your wolf.
The javelin pierces through your guardian golem.
The javelin pierces through you!
* * * LOW HITPOINT WARNING * * *
Something hits your lightning spire but does no damage.
The centaur barely misses your lightning spire.
The centaur kicks your lightning spire but does no damage.
The centaur barely misses your lightning spire.
The centaur kicks your lightning spire but does no damage.
Your cerulean imp hits the centaur from afar with a +0 spear.
Something barely misses your lightning spire.
The centaur hits your lightning spire but does no damage.
The centaur kicks your lightning spire but does no damage.
Your cerulean imp hits the centaur but does no damage.
Something hits your lightning spire!
The centaur throws a javelin.
The javelin barely misses your lightning spire.
The javelin misses your cerulean imp.
The javelin pierces through your guardian golem but does no damage.
The javelin pierces through you!
You die...

########## ≈≈≈≈≈≈≈≈≈##
......h...##
....oc8....#
##########5####
#####)......)..9@≈#
#...)≈≈≈≈≈≈≈≈≈...≈#
.⌠.≈≈≈.......≈≈..≈##
..≈≈..≈≈≈≈≈≈≈)...≈≈##
.≈≈.≈≈≈.....≈≈≈...≈≈##
.≈.≈≈).≈≈≈≈≈..≈≈..⌠≈≈#
≈≈.≈.≈≈≈...≈≈≈.≈≈..≈≈#
≈.≈≈.≈..⌠.⌠..≈≈.≈)..≈#
≈...)≈..∩∩∩.....≈...≈#


You could see a centaur (ally target), a friendly guardian golem (summoned), a
friendly lightning spire (summoned, sheltered) and a friendly cerulean imp
(summoned, sheltered).

Vanquished Creatures
  An orc wizard (D:8)
  A bat (D:2)
  A goblin (D:2)
  A kobold (D:1)
  A rat (D:3)
5 creatures vanquished.

Vanquished Creatures (collateral kills)
  A yak (D:8)
  2 water moccasins
  3 orc warriors (Bailey)
  A black bear (D:5)
  A sky beast (D:6)
  An ogre (D:7)
  A lemure (D:7)
  2 centaurs (Bailey)
  A kobold brigand (D:7)
  A gnoll sergeant (D:5)
  2 scorpions
  4 wights
  A killer bee (D:5)
  2 howler monkeys
  A nameless horror (Bailey)
  A lava snake (D:7)
  5 hounds
  2 orc priests
  A gnoll bouda (D:4)
  2 jellies
  3 iguanas
  5 orc wizards
  14 gnolls
  5 adders
  A white imp (D:7)
  3 dart slugs
  57 orcs
  5 ball pythons
  4 bats
  6 endoplasms
  8 giant cockroaches
  6 goblins
  9 hobgoblins
  2 jackals (D:5)
  11 kobolds
  2 quokkas
  3 frilled lizards
  5 rats
184 creatures vanquished.

Vanquished Creatures (others)
  A two-headed ogre (D:9)
  Pikel (D:7)
  Prince Ribbit (D:9)
  10 yaks (D:8)
  A wyvern (D:8)
  A steam dragon (D:8)
  A vampire mosquito (D:6)
  A water moccasin (D:7)
  Edmund (D:5)
  An ice beast (D:7)
  4 orc warriors
  2 wights (D:6)
  3 killer bees (D:5)
  A howler monkey (D:8)
  An iguana (D:6)
  2 orc wizards (D:8)
  3 orcs (Bailey)
35 creatures vanquished.

Grand Total: 224 creatures vanquished

Notes
Turn   | Place    | Note
-------+----------+-------------------------------------------
     0 | D:1      | cheesebisquit the Felid Summoner began the quest for the
                  | Orb.
     0 | D:1      | Reached XP level 1. HP: 7/7 MP: 4/4
   193 | D:1      | Reached XP level 2. HP: 10/11 MP: 3/6
   240 | D:1      | Found a faded altar of an unknown god.
   349 | D:1      | Learned a level 2 spell: Call Imp
   644 | D:1      | Found Qecraaxe's Book Shoppe.
  1016 | D:2      | Reached XP level 3. HP: 12/14 MP: 2/8
  1267 | D:2      | Learned a level 3 spell: Call Canine Familiar
  1501 | D:2      | Reached XP level 4. HP: 18/18 MP: 4/9
  2090 | D:3      | Got the Compilation of the Crater and Conduction
  2171 | D:3      | Reached skill level 5 in Summonings
  2216 | D:3      | Learned a level 3 spell: Summon Guardian Golem
  2349 | D:3      | Found Umisitwimp's Distillery.
  2358 | D:3      | Bought a potion of curing for 39 gold pieces
  2358 | D:3      | Bought a potion of heal wounds for 65 gold pieces
  2358 | D:3      | Bought a potion of attraction for 39 gold pieces
  2441 | D:3      | Found a sacrificial altar of Ru.
  2611 | D:3      | Reached skill level 1 in Hexes
  2619 | D:3      | Reached skill level 3 in Dodging
  2619 | D:3      | Reached XP level 5. HP: 14/21 MP: 3/11
  2750 | D:3      | Found Zidun's Magic Scroll Shop.
  2886 | D:3      | Reached skill level 1 in Fighting
  2999 | D:3      | Found Emon's Magic Scroll Boutique.
  3270 | D:4      | Gained mutation: You are covered in thick fur. (AC +2)
                  | [Felid growth]
  3270 | D:4      | Reached XP level 6. HP: 26/26 MP: 9/12
  3360 | D:4      | Killed from afar by an orc priest
  3361 | D:4      | Reached XP level 5. HP: 0/22 MP: 5/11
  3617 | D:4      | Reached skill level 4 in Dodging
  3666 | D:4      | Reached XP level 6. HP: 26/26 MP: 1/13
  3811 | D:3      | Bought a scroll of identify for 26 gold pieces
  4204 | D:3      | Bought a scroll of identify for 26 gold pieces
  4307 | D:5      | Entered Level 5 of the Dungeon
  4348 | D:5      | Learned a level 4 spell: Summon Lightning Spire
  4718 | D:5      | Found an iron altar of Okawaru.
  4728 | D:5      | Found a staircase to the Ecumenical Temple.
  4743 | D:5      | Reached skill level 1 in Air Magic
  4743 | D:5      | Reached XP level 7. HP: 30/30 MP: 3/14
  4750 | Temple   | Entered the Ecumenical Temple
  4907 | D:5      | Noticed Edmund
  4945 | D:5      | Killed Edmund
  5107 | D:5      | Reached skill level 5 in Dodging
  5688 | D:6      | Reached skill level 5 in Hexes
  5777 | D:6      | Reached XP level 8. HP: 35/35 MP: 3/16
  5864 | D:6      | Found a glowing golden altar of the Shining One.
  6316 | D:6      | Found a radiant altar of Vehumet.
  6550 | D:6      | Reached skill level 6 in Dodging
  6550 | D:6      | Reached skill level 5 in Spellcasting
  7193 | D:7      | Noticed Pikel
  7396 | D:7      | Killed Pikel
  7397 | D:7      | Reached skill level 7 in Dodging
  7397 | D:7      | Reached XP level 9. HP: 40/40 MP: 8/18
  7607 | D:7      | Identified the +5 short sword of Raych {heavy, Int+5 Dex+4}
  7682 | D:6      | Reached skill level 5 in Fighting
  7902 | D:7      | Found the +7 staff of the Meek {protect, meekguard}
  7990 | D:7      | Found a hide-covered altar of Uskayaw.
  8008 | D:7      | Found a snail-covered altar of Cheibriados.
  8125 | D:7      | Found Jirhiam's Antique Armour Emporium.
  8448 | D:3      | Bought a scroll of magic mapping for 97 gold pieces
  8448 | D:3      | Bought a scroll of identify for 26 gold pieces
  8448 | D:3      | Bought a scroll of fear for 52 gold pieces
  8448 | D:3      | Bought a scroll of teleportation for 39 gold pieces
  8661 | D:8      | Killed from afar by a steam dragon
  8662 | D:8      | Reached XP level 8. HP: -12/37 MP: 6/17
  8918 | D:8      | Reached skill level 8 in Dodging
  8923 | D:8      | Reached XP level 9. HP: 27/41 MP: 9/19
  8956 | D:8      | Reached skill level 5 in Air Magic
  9223 | D:3      | Bought a scroll of identify for 28 gold pieces
  9320 | D:7      | Identified the +2 robe of Space {rN+ Int+2 Dex+5}
  9467 | D:8      | Found a broken altar of Ashenzari.
  9887 | D:8      | Found a runed translucent door.
  9889 | D:8      | Found a runed translucent door.
 10167 | D:9      | Noticed Prince Ribbit
 10174 | D:9      | Killed Prince Ribbit
 10175 | D:9      | Reached skill level 9 in Dodging
 10726 | D:9      | Noticed a two-headed ogre
 10733 | D:9      | Killed a two-headed ogre
 10734 | D:9      | Reached XP level 10. HP: 46/46 MP: 12/21
 10794 | D:9      | Found a flagged portal.
 10803 | Bailey   | Entered a bailey
 11715 | Bailey   | Hit by a javelin thrown by a centaur
 11716 | Bailey   | Reached XP level 9. HP: -9/42 MP: 4/20
 11746 | Bailey   | Hit by a javelin thrown by a centaur

Illustrated notes

Levels and vault maps discovered:
D:1:      mrwooster_arrival_arrow, layout_rooms,
          chequers_ecumenical_altar_island, serial_shops, shop
D:2:      layout_loops_ring
D:3:      layout_basic, nicolae_ru_great_annihilating_truth, serial_shops,
          nicolae_shop_industrial_runoff, nicolae_shop_stone, shop
D:4:      layout_rooms, sigmund_army
D:5:      layout_basic, mainiacjoe_overflow_24_doors,
          minmay_temple_entry_stoned_glass, uniq_edmund
D:6:      layout_loops_corners, amcnicky_altar_gilded,
          nicolae_tso_carved_into_rock, minmay_small_thing
D:7:      layout_rooms, eat_drink_and_be_merry_uskayaw,
          mainiacjoe_overflow_small_starburst, serial_shops, shop_coins,
          nicolae_kite_square_tiling_tiny, kennysheep_pointless_box, uniq_pikel
D:8:      lemuel_insect_pit, layout_basic, nicolae_overflow_crystal_walls,
          minmay_misc_feat_encased
D:9:      layout_long_grid, grunt_dithmenos_smoke,
          mainiacjoe_overflow_concentric_impassable,
          mainiacjoe_overflow_alcove_2, nicolae_wu_jian_immortal_techniques,
          special_room [special_room_orc], enter_bailey_2, uniq_prince_ribbit1
Temple:   hellmonk_temple_micro_hex
Bailey:   bailey_polearm_flooded_kennysheep, bailey

Skill      XL: |  1  2  3  4  5  6  7  8  9 |
---------------+----------------------------+-----
Spellcasting   | 3 4 6 7 |  7.2
Summonings     | 5 6 7 8 |  8.7
Hexes          | 1 3 4 5 |  5.0
Dodging        | 3 4 5 8 9 |  9.5
Fighting       | 2 3 4 6 |  6.9
Air Magic      | 1 2 3 5 |  5.8
Stealth        | |  2.6

Action                     |  1- 3 |  4- 6 |  7- 9 | 10-12 || total
---------------------------+-------+-------+-------+-------++-------
  Melee: Unarmed           |    20 |    16 |    17 |       ||    53
         Bite              |       |     1 |     1 |       ||     2
   Cast: Summon Small Mamm |    48 |    46 |    37 |       ||   131
         Call Imp          |    12 |    40 |    38 |     8 ||    98
         Call Canine Famil |       |    28 |    42 |     7 ||    77
         Summon Guardian G |       |       |    53 |    10 ||    63
         Summon Lightning  |       |       |    15 |    18 ||    33
    Use: Scroll            |       |    10 |     7 |       ||    17
         Potion            |       |     2 |     5 |     1 ||     8
 Armour: Skin              |     1 |       |     3 |       ||     4
  Dodge: Dodged            |    36 |    40 |   102 |    42 ||   220
